 Dungeon Crawl Stone Soup version 0.18-a0-1354-gbc5753f (webtiles) character file.

13 Ratboiler the Digger (level 2, 0/15 HPs)
             Began as a Deep Elf Wanderer on Feb 19, 2016.
             Slain by a giant gecko (4 damage)
             ... on level 1 of the Dungeon.
             The game lasted 00:02:03 (711 turns).

Ratboiler the Digger (Deep Elf Wanderer)             Turns: 711, Time: 00:02:04

Health: 0/15       AC:  2    Str: 10    XL:     2   Next: 24%
Magic:  4/6        EV: 11    Int: 16    God:
Gold:   31         SH:  0    Dex: 13    Spells: 1 memorised, 3 levels left

rFire  . . .     SeeInvis .     e - +0 dagger
rCold  . . .     Gourm    .     d - +0 robe
rNeg   . . .     Faith    .     (no shield)
rPois  .         Spirit   .     (no helmet)
rElec  .         Dismiss  .     (no cloak)
rCorr  .         Reflect  .     (no gloves)
SustAt .         Harm     .     (no boots)
MR     .....                    (no amulet)
Stlth  +.........               (no ring)
                                (no ring)

@: not resistant to hostile enchantments, very unstealthy
A: no striking features
a: no special abilities


You were on level 1 of the Dungeon.
You were not hungry.

You visited 1 branch of the dungeon, and saw 1 of its levels.

You collected 31 gold pieces.

Inventory:

Hand Weapons
 e - a +0 dagger (weapon)
Armour
 d - a +0 robe (worn)
Wands
 a - a wand of enslavement (15/24)
Scrolls
 g - a scroll of identify {unknown}
 h - a scroll of remove curse {unknown}
 j - a scroll of noise {unknown}
Potions
 i - a potion of heal wounds {unknown}
Books
 b - the Volume of Moulding

   Spells                             Type                      Level
   a - Beastly Appendage              Transmutation                1
   b - Spider Form                    Transmutation/Poison         3
 c - the Collected Works on Combat Magic and Flight

   Spells                             Type                      Level
   a - Shock                          Conjuration/Air              1
   b - Mephitic Cloud                 Conjuration/Poison/Air       3
Comestibles
 f - a bread ration


   Skills:
 - Level 1.0 Throwing
 - Level 1.5 Spellcasting
 * Level 2.1 Conjurations
   Level 1.1 Transmutations
   Level 1.1 Ice Magic
 - Level 2.0 Air Magic
   Level 3.2 Earth Magic
 - Level 1.1 Evocations


You had 3 spell levels left.
You knew the following spells:

 Your Spells              Type           Power        Failure   Level  Hunger
a - Shock                 Conj/Air       #...         12%         1    ##.....


Dungeon Overview and Level Annotations

Branches:
Dungeon (1/15)

Altars:


Message History

There is an open door here.
Casting: Shock
Confirm with . or Enter, or press ? or * to list all spells.
Aiming: Shock
Press: ? - help, Shift-Dir - straight line, f/p - giant gecko
Aim: a giant gecko (clinging)
The zap misses the giant gecko.
The zap hits the giant gecko.
The giant gecko is severely wounded.
The giant gecko bites you but does no damage.
Casting: Shock
Confirm with . or Enter, or press ? or * to list all spells.
Aiming: Shock
Press: ? - help, Shift-Dir - straight line, f/p - giant gecko
Aim: a giant gecko (clinging)
The zap hits the giant gecko.
The giant gecko is lightly wounded.
The zap hits the giant gecko.
The giant gecko is almost dead.
The giant gecko bites you.
You die...

################ #.......
#..............# #.######
###..............########.#.....
#.'.............................
#.#..........(###########+#'###.
#.#...........# #...........###
#.#.......(...# #..............
#.#...........####...........###
#.#...........'@ll..............
#.#...........####..............
#.#...........# #..............
#.#...........# #..............
#.#...........####..............
#.#.............................
#.#.............................
#.........................###...
#........###......######### #...


You could see 2 giant geckos.

Vanquished Creatures
  A giant gecko (D:1)
  3 giant cockroaches (D:1)
  A goblin (D:1)
  A hobgoblin (D:1)
  A ball python (D:1)
  A giant newt (D:1)
  A kobold (D:1)
  3 rats (D:1)
12 creatures vanquished.

Notes
Turn   | Place    | Note
--------------------------------------------------------------
     0 | D:1      | Ratboiler the Deep Elf Wanderer began the quest for the Orb.
     0 | D:1      | Ratboiler set off with: a wand of enslavement (15/24), the Volume of Moulding, the Collected Works on Combat Magic and Flight, a +0 robe, a +0 dagger, a bread ration
     0 | D:1      | Reached XP level 1. HP: 10/10 MP: 5/5
     0 | D:1      | Identified the Volume of Moulding
     0 | D:1      | Identified the Collected Works on Combat Magic and Flight
     2 | D:1      | Learned a level 1 spell: Shock
   249 | D:1      | Reached skill level 1 in Conjurations
   400 | D:1      | Reached XP level 2. HP: 13/15 MP: 2/6
   711 | D:1      | Slain by a giant gecko

Vault maps used:
D:1:      minmay_arrival_up_and_down

Action                   || total
-------------------------++-------
Melee: Dagger            ||     9
 Cast: Shock             ||    27
